AoeStats
← Propofol

Arena

508216760Analyzed
4v4 RM · 10d ago on Sep 21, 2026· 44m 41s· 8 players
Game mode
Random Map
Map size
Large (8 player)
Population
200
Speed
Normal
Resources
Standard
Victory
Conquest
Starting age
Dark Age
Ending age
Imperial Age
RankedLock teamsTeams togetherTeam positionsShared explorationLock speedFull tech treeHidden civsTurbo modeCheats
Victory
Defeat
🇨🇳 Byzantines · China
974
+13
🇩🇪 Poles · Germany
921
+15
🇹🇼 Persians · Taiwan
901
+15
🇹🇷 Britons · Türkiye
870
+16
🇲🇽 Jurchens · Mexico
947
-17
🇦🇷 Japanese · Argentina
898
-15
🇹🇷 Goths · Türkiye
875
-14
🇧🇷 Vikings · Brazil
845
-13
心死就在一瞬間
11:06 Feudal Age
11:29 Double-Bit Axe
16:27 Castle Age
14:18 Horse Collar
14:37 Stone Mining
15:05 Gold Mining
17:28 Wheelbarrow
18:42 Bow Saw
22:01 Heavy Plow
26:25 Scale Barding Armor
28:11 Hand Cart
28:44 Husbandry
28:55 Bloodlines
28:08 Pikeman
33:17 Imperial Age
31:15 Chain Barding Armor
31:06 Forging
33:37 Gold Shaft Mining
33:39 Stone Shaft Mining
33:14 Halberdier
33:56 Squires
34:59 Plate Barding Armor
35:00 Iron Casting
34:26 Scale Mail Armor
40:26 Chain Mail Armor
41:12 Blast Furnace
40:08 Elite War Elephant
43:42 Crop Rotation
Hrakiir
11:44 Feudal Age
12:19 Double-Bit Axe
12:15 Horse Collar
17:15 Castle Age
19:11 Wheelbarrow
18:47 Bow Saw
18:40 Heavy Plow
26:54 Scale Barding Armor
27:08 Bloodlines
26:59 Husbandry
27:15 Fletching
31:18 Forging
31:08 Stone Mining
31:10 Gold Mining
31:41 Hand Cart
31:11 Loom
31:45 Szlachta Privileges
36:08 Imperial Age
34:43 Chain Barding Armor
34:34 Light Cavalry
36:43 Cavalier
38:05 Iron Casting
40:37 Conscription
40:38 Lechitic Legacy
39:41 Winged Hussar
42:58 Crop Rotation
sonsehzadee
9:46 Feudal Age
18:13 Castle Age
16:16 Horse Collar
16:30 Stone Mining
16:29 Double-Bit Axe
17:04 Gold Mining
22:59 Wheelbarrow
22:27 Loom
25:57 Hand Cart
30:33 Imperial Age
28:54 Heavy Plow
29:17 Padded Archer Armor
29:08 Fletching
30:13 Bow Saw
32:19 Two-Man Saw
32:02 Conscription
32:51 Gold Shaft Mining
32:16 Elite Longbowman
33:38 Warwolf
36:47 Pikeman
37:19 Light Cavalry
37:59 Husbandry
String
11:05 Feudal Age
17:39 Castle Age
19:44 Double-Bit Axe
19:40 Horse Collar
19:52 Gold Mining
19:52 Stone Mining
19:58 Stone Mining
22:18 Wheelbarrow
23:49 Hand Cart
25:10 Bow Saw
27:18 Scale Mail Armor
27:29 Forging
31:09 Imperial Age
28:28 Loom
30:35 Fortified Wall
32:13 Conscription
33:07 Chemistry
32:23 Heavy Plow
34:40 Two-Man Saw
34:40 Chain Mail Armor
35:00 Iron Casting
35:18 Pikeman
35:59 Squires
35:45 Gambesons
38:06 Crop Rotation
37:20 Halberdier
37:40 Elite Cataphract
39:40 Hoardings
40:22 Plate Mail Armor
Propofol
2:15 Loom
13:01 Feudal Age
14:56 Man-at-Arms
18:57 Castle Age
20:31 Long Swordsman
22:48 Gambesons
26:22 Fletching
36:34 Imperial Age
LeonGamer7u7
5:59 Loom
12:02 Feudal Age
12:33 Horse Collar
12:39 Double-Bit Axe
17:46 Castle Age
18:36 Wheelbarrow
28:42 Imperial Age
26:14 Town Watch
27:44 Bow Saw
27:35 Heavy Plow
27:27 Gold Mining
27:28 Stone Mining
30:36 Chemistry
30:53 Treadmill Crane
31:42 Hand Cart
32:02 Town Patrol
32:08 Caravan
32:20 Siege Engineers
33:40 Conscription
34:19 Crop Rotation
34:54 Two-Man Saw
34:30 Gold Shaft Mining
34:32 Stone Shaft Mining
35:09 Squires
34:32 Pikeman
37:13 Fervor
38:18 Block Printing
38:21 Atonement
40:25 Illumination
40:23 Sanctity
42:59 Murder Holes
43:12 Halberdier
43:40 Arson
Dank
1:19 Loom
10:26 Feudal Age
15:14 Castle Age
13:02 Double-Bit Axe
15:03 Horse Collar
15:16 Gold Mining
16:05 Bow Saw
24:22 Wheelbarrow
30:16 Imperial Age
28:21 Fletching
28:41 Forging
28:32 Scale Mail Armor
29:30 Hand Cart
29:00 Crossbowman
29:07 Elite Skirmisher
30:38 Bodkin Arrow
30:43 Padded Archer Armor
31:54 Bracer
32:05 Thumb Ring
33:39 Forging
33:45 Chain Mail Armor
33:45 Leather Archer Armor
35:48 Iron Casting
35:05 Pikeman
37:27 Ring Archer Armor
37:17 Halberdier
38:09 Gambesons
38:09 Arson
38:24 Squires
40:25 Blast Furnace
39:56 Plate Mail Armor
42:15 Crossbowman
43:21 Arbalester
44:53 Plate Mail Armor
hemsirEX
8:26 Loom
13:48 Feudal Age
16:06 Double-Bit Axe
16:04 Horse Collar
16:31 Stone Mining
20:22 Castle Age
18:43 Forging
18:34 Scale Mail Armor
21:59 Heavy Plow
22:13 Bow Saw
21:56 Gold Mining
22:51 Fletching
23:36 Iron Casting
23:17 Chain Mail Armor
23:07 Squires
24:22 Wheelbarrow
32:47 Imperial Age
30:06 Town Watch
30:36 Masonry
30:48 Ballistics
31:30 Anarchy
32:56 Murder Holes
32:38 Pikeman
33:39 Perfusion
33:00 Elite Huskarl
33:44 Bodkin Arrow
34:52 Blast Furnace
34:58 Hand Cart
34:43 Town Patrol
36:17 Crop Rotation
36:52 Two-Man Saw
37:49 Halberdier
Connection lost

Rejoining the realm…

Still unreachable

The connection could not be restored.

Session expired

The server has moved on; the page needs a fresh start.